 Dungeon Sprint DCSS version 0.31.0-12-g77e489cdc1 (webtiles) character file.

Game seed: 5265569415688588909

3200000 Minsecho the Plane Walker (level 19, -2/132 HPs)
             Began as a Spriggan Warper on Feb 17, 2024.
             Was the Champion of Makhleb.
             Slain by a bag of meat
             ... wielding a +9 war axe
              (13 damage)
             ... in the Dungeon (Sprint VIII: "Arena of Blood").
             The game lasted 00:02:04 (32 turns).

Minsecho the Plane Walker (Spriggan Warper)           Turns: 32, Time: 00:02:04

Health: -2/132     AC:  2    Str: 11    XL:     19   Next: 46%
Magic:  10/51      EV: 38    Int: 16    God:    Makhleb [******]
Gold:   0          SH:  0    Dex: 17    Spells: 72/72 levels left

rFire   . . .        j - +∞ Axe of Woe
rCold   . . .        (shield currently unavailable)
rNeg    . . .        b - +0 robe
rPois   .            (helmet restricted)
rElec   .            (no cloak)
rCorr   .            (gloves unavailable)
SInv    +            (boots unavailable)
Will    +++..        (no amulet)
Stlth   +++++        (no ring)
HPRegen 0.42/turn    (no ring)
MPRegen 0.32/turn

%: no teleportation
@: very quick
A: very small, no large weapons, unfitting armour, see invisible, speed 3
a: Renounce Religion, Minor Destruction, Lesser Servant of Makhleb, Major
Destruction, Greater Servant of Makhleb


You were in the Dungeon.
You worshipped Makhleb.
Makhleb was exalted by your worship.
You visited 1 branch

Inventory:

Hand Weapons
 a - a +0 hand axe
 j - the +∞ Axe of Woe (weapon)
   (You found it in the Dungeon)
Missiles
 d - 7 darts of dispersal (quivered)
Armour
 b - a +0 robe (worn)
Scrolls
 c - 2 scrolls of blinking
Potions
 e - a potion of curing
 f - a potion of heal wounds
 g - a potion of haste
 h - 2 potions of magic
 i - a potion of berserk rage


   Skills:
 O Level 27 Fighting
 + Level 8.3(9.6) Short Blades
 + Level 5.6(7.0) Long Blades
 O Level 27 Axes
 + Level 5.1(17.6) Maces & Flails
 + Level 5.1(17.6) Polearms
 + Level 5.1(7.0) Staves
 + Level 6.7 Ranged Weapons
 O Level 27 Throwing
 + Level 5.1 Armour
 O Level 27 Dodging
 + Level 10.6 Stealth
 + Level 5.1 Shields
 + Level 5.6 Unarmed Combat
 O Level 27 Spellcasting
 + Level 5.1 Conjurations
 + Level 9.1 Hexes
 + Level 6.3 Summonings
 + Level 6.9 Necromancy
 O Level 27 Translocations
 + Level 6.3 Fire Magic
 + Level 6.3 Ice Magic
 + Level 6.9 Air Magic
 + Level 6.9 Earth Magic
 + Level 8.3 Alchemy
 + Level 7.6 Invocations
 + Level 10.0 Evocations
 + Level 9.1 Shapeshifting


You had 72 spell levels left.
You didn't know any spells.
Your spell library contained the following spells:

 Spells                   Type           Power      Damage    Failure   Level
 Blink                    Tloc           100%       N/A       0%          2
 Lesser Beckoning         Tloc           100%       N/A       0%          2
 Teleport Other           Tloc           82%        N/A       0%          3
 Manifold Assault         Tloc           82%        N/A       0%          4
 Vhi's Electric Charge    Tloc/Air       100%       N/A       0%          4


Dungeon Overview and Level Annotations

Branches:
Dungeon (1/1)

Altars:
Makhleb


Innate Abilities, Weirdness & Mutations

You are very small and have problems with some larger weapons.
You are too small for most types of armour.
You have supernaturally acute eyesight. (SInv)
You cover ground extremely quickly. (Speed+++)


Message History

The bag of meat is engulfed in blazing flames.
A bag of meat comes into view. It is wielding a +9 war axe.
The meat berserker is engulfed in blazing flames.
The meat berserker rages.
Your base Short Blades skill gained 8 levels and is now at level 8!
Your base Long Blades skill gained 5 levels and is now at level 5!
Your base Maces & Flails skill gained 5 levels and is now at level 5!
Your base Polearms skill gained 5 levels and is now at level 5!
Your base Staves skill gained 5 levels and is now at level 5!
Your Ranged Weapons skill gained 6 levels and is now at level 6!
Your Armour skill gained 5 levels and is now at level 5!
Your Stealth skill gained 10 levels and is now at level 10!
Your Shields skill gained 5 levels and is now at level 5!
Your Unarmed Combat skill gained 5 levels and is now at level 5!
Your Conjurations skill gained 5 levels and is now at level 5!
Your Hexes skill gained 9 levels and is now at level 9!
Your Summonings skill gained 6 levels and is now at level 6!
Your Necromancy skill gained 6 levels and is now at level 6!
Your Fire Magic skill gained 6 levels and is now at level 6!
Your Ice Magic skill gained 6 levels and is now at level 6!
Your Air Magic skill gained 6 levels and is now at level 6!
Your Earth Magic skill gained 6 levels and is now at level 6!
Your Alchemy skill gained 8 levels and is now at level 8!
Your Invocations skill gained 7 levels and is now at level 7!
Your Evocations skill gained 10 levels and is now at level 10!
Your Shapeshifting skill gained 9 levels and is now at level 9!
Unknown command.
A large bag of meat and a bag of meat come into view.
The bag of meat shouts!
The meat berserker rages.
The meat berserker is engulfed in blazing flames.
The meat berserker hits you with a +9 battleaxe!!!!
Ouch! That really hurt!
* * * LOW HITPOINT WARNING * * *
The bag of meat is engulfed in blazing flames.
A large bag of meat comes into view. It is wielding a +9 giant spiked club.
The bag of meat is engulfed in blazing flames. x2
The bag of meat attacks as it pursues you!
The bag of meat hits you with a +9 war axe!
You die... .......... .... ...O....... ..O.. ......... .o.o. #.......# ...o.. #.......# Ooo...

.###....ooo###O.o...
......###o)..)o..o..
......._.).O.Ooo....
....#....)#@)OO...#.
. #_.<._#oOoo.....
#.....#§ooo..#.#
....._..o§§§....§.
.....o###.........#.
.###.. ..o###...Oo.
#.. ....# ...O..
#.......# ...o..
......... ....


You could see 3 large bags of meat, 8 meat berserkers and 24 bags of meat.

Vanquished Creatures
  2 vampire knights (D)
  11 ogres (D)
  A two-headed ogre (D)
  14 orcs (D)
28 creatures vanquished.

Notes
Turn   | Place    | Note
-------+----------+-------------------------------------------
     0 | D        | Found the +∞ Axe of Woe
     0 | D        | Minsecho the Spriggan Warper began the quest for the Orb.
     0 | D        | Reached XP level 1. HP: 10/10 MP: 5/5
     0 | D        | Noticed a meat berserker
     2 | D        | Noticed a meat berserker
     2 | D        | Noticed a bag of meat
     4 | D        | Became a worshipper of Makhleb the Destroyer
     5 | D        | Noticed a bag of meat
     7 | D        | Noticed a bag of meat
     7 | D        | Noticed a bag of meat
     7 | D        | Noticed a meat berserker
     7 | D        | Noticed a bag of meat
     8 | D        | Killed a meat berserker
     8 | D        | Noticed a bag of meat
     8 | D        | Noticed a meat berserker
     8 | D        | Noticed a meat berserker
     9 | D        | Reached XP level 2. HP: 23/23 MP: 5/17
     9 | D        | Reached XP level 3. HP: 26/26 MP: 5/19
     9 | D        | Reached XP level 4. HP: 31/31 MP: 5/20
     9 | D        | Reached XP level 5. HP: 35/35 MP: 5/22
     9 | D        | Reached XP level 6. HP: 39/39 MP: 5/23
     9 | D        | Reached XP level 7. HP: 44/44 MP: 5/25
     9 | D        | Reached XP level 8. HP: 48/48 MP: 5/26
     9 | D        | Reached XP level 9. HP: 52/52 MP: 5/27
     9 | D        | Reached XP level 10. HP: 57/57 MP: 5/28
     9 | D        | Reached XP level 11. HP: 60/60 MP: 5/29
     9 | D        | Killed a meat berserker
     9 | D        | Reached * piety under Makhleb
     9 | D        | Killed a bag of meat
     9 | D        | Noticed a bag of meat
    10 | D        | Reached skill level 10 in Fighting
    10 | D        | Reached skill level 27 in Translocations
    10 | D        | Reached XP level 12. HP: 69/69 MP: 5/34
    10 | D        | Reached XP level 13. HP: 73/73 MP: 5/35
    10 | D        | Killed a bag of meat
    11 | D        | Reached skill level 15 in Axes
    11 | D        | Noticed a bag of meat
    11 | D        | Killed a meat berserker
    11 | D        | Reached ** piety under Makhleb
    12 | D        | Reached skill level 5 in Throwing
    12 | D        | Reached XP level 14. HP: 81/81 MP: 5/39
    12 | D        | Killed a bag of meat
    13 | D        | Killed a bag of meat
    14 | D        | Killed a bag of meat
    14 | D        | Reached *** piety under Makhleb
    14 | D        | Noticed a meat berserker
    15 | D        | Reached skill level 27 in Dodging
    15 | D        | Reached XP level 15. HP: 88/88 MP: 6/42
    15 | D        | Killed a meat berserker
    15 | D        | Killed a meat berserker
    16 | D        | Killed a meat berserker
    16 | D        | Reached **** piety under Makhleb
    17 | D        | Reached XP level 16. HP: 103/103 MP: 6/47
    17 | D        | Noticed a meat berserker
    17 | D        | Noticed a meat berserker
    18 | D        | Reached skill level 27 in Spellcasting
    20 | D        | Noticed a meat berserker
    22 | D        | Killed a meat berserker
    22 | D        | Reached ***** piety under Makhleb
    22 | D        | Noticed a meat berserker
    22 | D        | Noticed a large bag of meat
    23 | D        | Reached XP level 17. HP: 118/118 MP: 7/49
    23 | D        | Noticed a meat berserker
    24 | D        | Noticed a meat berserker
    24 | D        | Noticed a meat berserker
    24 | D        | Noticed a destroyer
    24 | D        | Noticed a meat berserker
    24 | D        | Noticed a meat berserker
    24 | D        | Noticed a meat berserker
    26 | D        | Noticed a meat berserker
    26 | D        | Noticed a destroyer
    27 | D        | Noticed a large bag of meat
    27 | D        | Killed a meat berserker
    28 | D        | Reached skill level 27 in Fighting
    28 | D        | Reached skill level 27 in Axes
    28 | D        | Killed a meat berserker
    28 | D        | Killed a meat berserker
    28 | D        | Reached ****** piety under Makhleb
    29 | D        | Reached XP level 18. HP: 127/127 MP: 9/50
    30 | D        | Noticed a meat berserker
    30 | D        | Killed a destroyer
    30 | D        | Killed a meat berserker
    30 | D        | Killed a large bag of meat
    30 | D        | Noticed a meat berserker
    31 | D        | Reached skill level 27 in Throwing
    31 | D        | Reached XP level 19. HP: 82/132 MP: 9/51
    31 | D        | Killed a destroyer
    32 | D        | Reached skill level 5 in Long Blades
    32 | D        | Reached skill level 5 in Maces & Flails
    32 | D        | Reached skill level 5 in Polearms
    32 | D        | Reached skill level 5 in Staves
    32 | D        | Reached skill level 5 in Armour
    32 | D        | Reached skill level 10 in Stealth
    32 | D        | Reached skill level 5 in Shields
    32 | D        | Reached skill level 5 in Unarmed Combat
    32 | D        | Reached skill level 5 in Conjurations
    32 | D        | Reached skill level 10 in Evocations
    32 | D        | Noticed a large bag of meat
    32 | D        | Noticed a large bag of meat
    32 | D        | Slain by a bag of meat

Illustrated notes

Levels and vault maps discovered:
D:        meatsprint

Skill      XL: |  1  2  3  4  5  6  7  8  9 10 11 12 13 14 15 16 17 18 19 |
---------------+----------------------------------------------------------+-----
Fighting       | 8 10 12 14 19 25 27 | 27.0
Axes           | 11 14 17 19 21 24 27 | 27.0
Throwing       | 3 4 5 7 9 26 27 | 27.0
Dodging        | 16 21 24 27 | 27.0
Spellcasting   | 13 17 20 22 26 27 | 27.0
Translocations | 25 27 | 27.0
Short Blades   | 8 |  8.3
Long Blades    | 5 |  5.6
Maces & Flails | 5 |  5.1
Polearms       | 5 |  5.1
Staves         | 5 |  5.1
Ranged Weapons | 6 |  6.7
Armour         | 5 |  5.1
Stealth        | 10 | 10.6
Shields        | 5 |  5.1
Unarmed Combat | 5 |  5.6
Conjurations   | 5 |  5.1
Hexes          | 9 |  9.1
Summonings     | 6 |  6.3
Necromancy     | 6 |  6.9
Fire Magic     | 6 |  6.3
Ice Magic      | 6 |  6.3
Air Magic      | 6 |  6.9
Earth Magic    | 6 |  6.9
Alchemy        | 8 |  8.3
Invocations    | 7 |  7.6
Evocations     | 10 | 10.0
Shapeshifting  | 9 |  9.1

Action                     |  1- 3 |  4- 6 |  7- 9 | 10-12 | 13-15 | 16-18 | 19-21 || total
---------------------------+-------+-------+-------+-------+-------+-------+-------++-------
  Melee: Broad axe         |     1 |       |       |     1 |     7 |     8 |     1 ||    18
 Armour: Robe              |       |       |       |       |       |     3 |     3 ||     6
